Map: Croisement de Kairos EC

Players

kesha

  • Race: Zerg Zerg
  • League: Platinum
  • Spawn Location: 11:00

Sorandom - Winner!

  • Race: Zerg Zerg
  • League: Diamond
  • Spawn Location: 5:00

VOD

Have the link to the VOD?

Description

Time

  • Played on: April 12, 2019, 11:23 p.m.
  • Length: 3:56
Show
View Real Time Build Order
Export as new Build Order

kesha Zerg 

Build Orders: Pool First 

Get SALT Encoding   

  12  0:01  Drone  
  13  0:08  Drone  
  14  0:16  Overlord  
  14  0:33  Spawning Pool  
  13  0:37  Drone  
  13  0:41  Drone  
  15  0:45  Drone  
  16  1:11  Hatchery  
  15  1:20  Zergling x6  
  18  1:28  Extractor  
  18  1:30  Queen  
  19  1:33  Drone  
  20  1:43  Drone  
  21  1:53  Drone  
  22  1:57  Roach Warren  
  21  2:11  Drone  
  19  2:15  Drone  
  19  2:20  Extractor  
  19  2:23  Overlord  
  19  2:28  Queen  
  19  2:29  Drone  
  22  2:38  Roach  
  22  2:40  Evolution Chamber  
  22  2:41  Roach  
  25  2:46  Drone x2  
  25  2:50  Drone  
  28  2:55  Drone  
  29  3:00  Drone  
  29  3:04  Drone  
  31  3:05  Drone  
  31  3:12  Roach  
  34  3:24  Roach  
  33  3:35  Roach  
Show
View Real Time Build Order
Export as new Build Order

Sorandom Zerg - Winner!

Build Orders: Pool First 

Get SALT Encoding   

  12  0:03  Drone  
  13  0:12  Overlord  
  13  0:18  Drone  
  14  0:30  Drone  
  14  0:31  Drone  
  16  0:36  Drone  
  17  0:43  Extractor  
  17  0:46  Drone  
  17  0:52  Spawning Pool  
  16  0:58  Drone  
  17  1:20  Hatchery  
  17  1:24  Drone  
  17  1:40  Zergling x6  
  17  1:45  Queen  
  22  1:52  Metabolic Boost  
  22  2:01  Spine Crawler  
  21  2:13  Overlord  
  20  2:21  Overlord, Baneling Nest  
  20  2:24  Zergling x2  
  21  2:33  Zergling x4  
  23  2:37  Zergling x2  
  24  2:47  Zergling x4  
  26  2:54  Zergling x2  
  26  2:55  Zergling x4  
  29  3:04  Baneling x5  
  29  3:08  Zergling x2  
  30  3:18  Zergling x2  
  30  3:19  Zergling x2  
  31  3:38  Zergling x2  
Tags
 
Add a new tag
Caveats
  • Supply blocks, unpowered buildings, or Contaminate may cause inaccurate times.
  • Supply counts are checked every 10 seconds.